 Dungeon Crawl Stone Soup version 0.30-a0-55-g90e3122c3a (webtiles) character file.

Game seed: 4250235650856785204

84 LnG the Trooper (level 4, -2/41 HPs)
             Began as a Hill Orc Fighter on Sept 9, 2022.
             Slain by Terence
             ... wielding a +7 morningstar of protection
              (5 damage)
             ... on level 2 of the Dungeon.
             The game lasted 00:01:26 (1106 turns).

LnG the Trooper (Hill Orc Fighter)                  Turns: 1106, Time: 00:01:27

Health: -2/41      AC:  7    Str: 20    XL:     4   Next: 46%
Magic:  4/4        EV:  9    Int:  8    God:
Gold:   98         SH:  4    Dex: 10    Spells: 3/3 levels left

rFire   . . .      SeeInvis .    a - +0 war axe
rCold   . . .      Faith    .    c - +0 buckler
rNeg    . . .      Spirit   .    b - +0 scale mail
rPois   .          Reflect  .    (no helmet)
rElec   .          Harm     .    (no cloak)
rCorr   .          Rampage  .    (no gloves)
Will    .....                    (no boots)
Stlth   ..........               (no amulet)
HPRegen 0.13/turn                (no ring)
MPRegen 0.09/turn                (no ring)

@: no status effects
A: no striking features
a: no special abilities


You were on level 2 of the Dungeon.
You visited 1 branch of the dungeon, and saw 2 of its levels.

You collected 98 gold pieces.

Inventory:

Hand Weapons
 a - a +0 war axe (weapon)
Armour
 b - a +0 scale mail (worn)
 c - a +0 buckler (worn)
Scrolls
 f - 2 scrolls of teleportation
 g - a scroll of magic mapping {unknown}
 h - a scroll of butterflies {unknown}
 i - 2 scrolls of poison {unknown}
 j - 2 scrolls of identify {unknown}
 l - a scroll of amnesia {unknown}
 m - a scroll of blinking {unknown}
 n - a scroll of summoning {unknown}
Potions
 d - a potion of might
 e - a potion of degeneration {unknown}
 k - a potion of brilliance {unknown}


   Skills:
 + Level 4.3 Fighting
 + Level 4.0 Axes
 + Level 4.0 Armour
 + Level 0.1 Dodging
 + Level 0.1 Stealth
 + Level 3.7 Shields


You had 3 spell levels left.
You didn't know any spells.
Your spell library contained the following spells:

 Spells                   Type           Power      Damage    Failure   Level
 Freeze                   Ice            0%         1d3       85%         1
 Ensorcelled Hibernation  Hex/Ice        0%         N/A       94%         2
 Passwall                 Tmut/Erth      0%         N/A       94%         2
 Frozen Ramparts          Ice            0%         1d1       99%         3
 Swiftness                Air            0%         N/A       99%         3
 Hailstorm                Conj/Ice       0%         3d3       100%        4


Dungeon Overview and Level Annotations

Branches:
Dungeon (2/15)

Altars:

Annotations:
D:2 Terence


Message History

You now have 98 gold pieces (gained 10).
Found a faded altar of an unknown god.
You pick up a book of Burglary and begin reading...
You add the spells Passwall, Ensorcelled Hibernation and Swiftness to your library.
Terence the Incautious comes into view.
He is wielding a +7 morningstar of protection.
Terence shouts!
Found a scroll of teleportation.
Terence shouts, "Now you die!"
Terence hits you with a +7 morningstar of protection!
You slash Terence!
Terence is heavily wounded.
You block Terence's attack.
You hit Terence.
Terence is severely wounded.
Terence screams, "I want your blood!" Terence closely misses you.
You barely miss Terence.
Terence is severely wounded.
Terence hits you but does no damage. Terence barely misses you.
You hit Terence but do no damage.
Terence is severely wounded.
Terence barely misses you.
You completely miss Terence.
Terence is severely wounded.
Terence hits you but does no damage.
You hit Terence but do no damage.
Terence is severely wounded.
Terence hits you with a +7 morningstar of protection!
You barely miss Terence.
Terence is severely wounded.
Terence hits you with a +7 morningstar of protection.
Terence hits you with a +7 morningstar of protection!
* * * LOW HITPOINT WARNING * * *
You hit Terence but do no damage.
Terence is severely wounded.
Terence barely misses you.
You barely miss Terence.
Terence is severely wounded.
Terence hits you with a +7 morningstar of protection.
You die...

.# .... .. .... #. ...
##. .. ._... #####..##.#
.#...8..###
..........##..#.... ...
..!....@........... ...
.....$.@............ #.
.###....#####...###..##.
#..#...........##....
#?..#####........ #.
...# #.......... ## .###
#..[.......#
#..........#
#...........
#..........#


You could see Terence.

Vanquished Creatures
  A phantom (D:2)
  An endoplasm (D:1)
  A hobgoblin (D:1)
  2 ball pythons (D:1)
  A bat (D:1)
  A frilled lizard (D:1)
  4 kobolds
  3 rats
14 creatures vanquished.

Vanquished Creatures (others)
  2 plants (D:1)
2 creatures vanquished.

Grand Total: 16 creatures vanquished

Notes
Turn   | Place    | Note
-------+----------+-------------------------------------------
     0 | D:1      | LnG the Hill Orc Fighter began the quest for the Orb.
     0 | D:1      | Reached XP level 1. HP: 19/19 MP: 1/1
   338 | D:1      | Reached XP level 2. HP: 27/27 MP: 2/2
   784 | D:2      | Noticed a phantom
   803 | D:2      | Killed a phantom
   804 | D:2      | Reached XP level 3. HP: 8/34 MP: 3/3
   804 | D:2      | Reached XP level 4. HP: 10/41 MP: 4/4
  1091 | D:2      | Found a faded altar of an unknown god.
  1095 | D:2      | Noticed Terence
  1104 | D:2      | HP: 2/41 [Terence/+7 morningstar of protection (12)]
  1106 | D:2      | Slain by Terence

Illustrated notes

Levels and vault maps discovered:
D:1:      roderic_crop_circles_arrival_small, layout_loops_ring,
          minmay_misc_feat_doors, serial_bayou_pond_a
D:2:      layout_rooms, serial_glass, glass_columns_c, glass_columns_b,
          dreamdust_ecumenical_altar_statues, eino_tiny_chamber, uniq_terence

Skill      XL: |  1  2 |
---------------+-------+-----
Axes           | 4 |  4.0
Fighting       | 4 |  4.3
Armour         | 4 |  4.0
Dodging        | |  0.1
Stealth        | |  0.1
Shields        | |  3.7

Action                   |  1- 3 |  4- 6 || total
-------------------------+-------+-------++-------
Melee: War axe           |    49 |    12 ||    61
  Use: Scroll            |       |     1 ||     1
Armor: Scale mail        |    21 |     2 ||    23
Dodge: Dodged            |    28 |     5 ||    33
Block: Buckler           |     6 |     1 ||     7

Table legend: (Time is in decaauts)
 A = Elapsed time spent in this place.
 B = Non-inter-level travel time spent in this place.
 C = Inter-level travel time spent in this place.
 D = Time resting spent in this place.
 E = Time spent auto-exploring this place.
 F = Levels seen in this place.
 G = Mean time per level.
                   A        B        C        D        E       F      G
               +--------+--------+--------+--------+--------+-----+--------+
         Total |   1128 |   1096 |     32 |    234 |    716 |   2 |  564.0 |
       Dungeon |   1128 |   1096 |     32 |    234 |    716 |   2 |  564.0 |
               +--------+--------+--------+--------+--------+-----+--------+

Top non-repeatable levels by time:
     D:1: 797 daAuts
     D:2: 331 daAuts
